 Dungeon Crawl Stone Soup version 0.30.0-30-g96aa6591b8 (webtiles) character file.

Game seed: 18139886897179631898

1 Elmgren the Trooper (level 1, 0/20 HPs)
             Began as a Minotaur Fighter on June 29, 2023.
             Frozen to death by an endoplasm (5 damage)
             ... on level 1 of the Dungeon.
             The game lasted 00:00:47 (24 turns).

Elmgren the Trooper (Minotaur Fighter)                Turns: 24, Time: 00:00:48

Health: 0/20       AC:  6    Str: 20    XL:     1   Next: 16%
Magic:  0/0        EV:  9    Int:  5    God:
Gold:   4          SH:  4    Dex:  9    Spells: 0/0 levels left

rFire   . . .        a - +0 flail
rCold   . . .        c - +0 buckler
rNeg    . . .        b - +0 scale mail
rPois   .            (helmet restricted)
rElec   .            (no cloak)
rCorr   .            (no gloves)
SInv    .            (no boots)
Will    .....        (no amulet) Stlth
                     (no ring)
HPRegen 0.23/turn    (no ring)
MPRegen 0.07/turn

%: no passive effects
@: no status effects
A: horns 2, retaliatory headbutt
a: no special abilities


You were on level 1 of the Dungeon.
You visited 1 branch of the dungeon, and saw 1 of its levels.

You collected 4 gold pieces.

Inventory:

Hand Weapons
 a - a +0 flail (weapon)
Armour
 b - a +0 scale mail (worn)
 c - a +0 buckler (worn)
Potions
 d - a potion of might


   Skills:
 + Level 3.7 Fighting
 + Level 2.5 Maces & Flails
 - Level 3.6 Armour
 - Level 3.6 Shields


You couldn't memorise any spells.
You didn't know any spells.
Your spell library was empty.

Dungeon Overview and Level Annotations

Branches:
Dungeon (1/15) Zot: 5972

Altars:


Innate Abilities, Weirdness & Mutations

You have a pair of horns on your head.
You reflexively headbutt those who attack you in melee.


Message History

A goblin comes into view. It is wielding a +0 club.
The goblin shouts!
You block the hobgoblin's attack.
You closely miss the hobgoblin. Your headbutt misses the hobgoblin.
An endoplasm comes into view.
The hobgoblin closely misses you.
You hit the hobgoblin. The hobgoblin hits you.
You take 1 damage, and have 18/19 hp.
You closely miss the hobgoblin. You block the hobgoblin's attack.
You block the goblin's attack. The hobgoblin hits you.
You take 4 damage, and have 14/19 hp.
MASSIVE DAMAGE!!
You barely miss the hobgoblin. Your headbutt misses the hobgoblin.
The goblin hits you but does no damage.
The hobgoblin hits you but does no damage.
You hit the hobgoblin. The hobgoblin hits you. The goblin barely misses you.
The endoplasm freezes you.
You are frozen.
You take 3 damage, and have 11/19 hp.
You hit the hobgoblin but do no damage. The hobgoblin barely misses you.
The goblin hits you but does no damage.
The endoplasm splashes around in the water.
The hobgoblin hits you.
* * * LOW HITPOINT WARNING * * *
The goblin hits you but does no damage.
You take 3 damage, and have 8/19 hp.
The goblin attacks as you move away! The goblin hits you but does no damage.
The endoplasm freezes you.
You are frozen.
* * * LOW HITPOINT WARNING * * *
You take 4 damage, and have 4/19 hp.
MASSIVE DAMAGE!!
You sock the hobgoblin!
You kill the hobgoblin!
The endoplasm closely misses you.
You thump the goblin!
You kill the goblin!
The endoplasm barely misses you. You furiously retaliate!
You headbutt the endoplasm. The endoplasm freezes you.
You are frozen.
You die...

#. #. ..#..
#.##############....
#≈≈~~.....≈~≈≈#...
#≈≈≈.......~≈≈#..
#~~[........~≈#.#
##~..........=~#.#
#≈.....~~~...[.J.###.#.
#.....~...~...@).......
#......~.<.~.......#####
#......~...~.......#
...~.....~~~.....~..#
...#≈...........≈#....
...#~~...[.....~≈##.###
.. #≈≈~.......≈≈≈# $#
#≈≈≈~.....~~≈≈# .#
###############


You could see an endoplasm.

Vanquished Creatures
  A hobgoblin (D:1)
  A goblin (D:1)
2 creatures vanquished.

Notes
Turn   | Place    | Note
-------+----------+-------------------------------------------
     0 | D:1      | Elmgren the Minotaur Fighter began the quest for the Orb.
     0 | D:1      | Reached XP level 1. HP: 19/19 MP: 0/0
    24 | D:1      | Frozen to death by an endoplasm

Illustrated notes

Levels and vault maps discovered:
D:1:      enne_arrival_octagon_isle, layout_basic

Action                     || total
---------------------------++-------
  Melee: Flail             ||     8
 Armour: Scale mail        ||     5
  Dodge: Dodged            ||     5
  Block: Buckler           ||     3
